[Event "*** SCC Grand Prix: Titled Tuesday Blitz"]
[Site "Chess.com"]
[Date "2020.10.13"]
[Round "3"]
[White "Superfelix"]
[Black "LyonBeast"]
[Result "0-1"]
[WhiteElo "2467"]
[BlackElo "3021"]
[TimeControl "180+1"]
[EndTime "10:30:11 PDT"]
[Termination "LyonBeast won by resignation"]

1. e4 e6 2. d4 d5 3. exd5 exd5 4. Bd3 Nf6 5. Nf3 Bd6 6. O-O O-O 7. Re1 Bg4 8. Nbd2 Nbd7 9. Nf1 c5 10. c3 cxd4 11.
cxd4 Re8 12. Rxe8+ Qxe8 13. Ne3 Bh5 14. Nf5 Bf8 15.
Bf4 Ne4 16. Rc1 Rc8 17. Rxc8 Qxc8 18. Be2 Nb6 19. Ne3 f6 20. h3 Bf7 21. Nd2 Nd6 22.
b3 Qc6 23. Bd3 Ne4 24. Nxe4 dxe4 25. Be2 Nd5 26. Nxd5 Bxd5 27. Be3 b5 28. Qd2 a6 29. Qc1 Qxc1+ 30. Bxc1 g6 31. Bd2 Ba3 32. Be3 Kf7 33. Kf1 h5 34. Ke1 h4 35. Kd2 Ke6 36. Bg4+ f5 37. Be2 Be7 38. Bf4 Bf6 39. Be3 g5 40. f3 f4 41. Bg1 e3+ 42. Kc3 Bd8 43. a3 Ba5+ 44. b4 Bb6 45. Bd3 Kd6 46. Be2 Bc6 47. Bd3 Bd8 48. Be2 Bf6 49. Bd3 Bd7 50.
Be4 Be6 51. Bb7 Bc4 52. Bxa6 Bf1 53. a4 Bxg2 54. Bxb5 Bxf3 55. a5 Bd5 56. Bd3 Bg2 57. b5 Bxh3 58. b6 Bg2 59. a6 Bd8 60. b7 Ba5+ 61. Kc4 Bc7 62. Kb5 Bc6+ 63. Kb4 Bb8 64. Bb5 Bxb5 65. Kxb5 Ba7 66. Kc4 h3 67. Bh2 e2 68. d5 0-1

[Event "*** SCC Grand Prix: Titled Tuesday Blitz"]
[Site "Chess.com"]
[Date "2020.10.13"]
[Round "3"]
[White "Kildepiotr"]
[Black "Shield12"]
[Result "1-0"]
[WhiteElo "2651"]
[BlackElo "2827"]
[TimeControl "180+1"]
[EndTime "10:30:12 PDT"]
[Termination "Kildepiotr won by resignation"]

1. Nf3 c5 2. c3 Nf6 3. d4 b6 4.
g3 Bb7 5. Bg2 e6 6. O-O Be7 7. Bg5 O-O 8. Nbd2 d5 9. Ne5 Nc6 10.
Ndf3 Rc8 11. Nxc6 Bxc6 12. Ne5 Bb7 13. Qd2 Ne4 14. Bxe4 Bxg5 15. f4 Bxf4 16. Bxh7+ Kxh7 17. Qxf4 Qe7 18. e3 Kg8 19. Rf2 Ba6 20. Qg4 f5 21. Ng6 Qf6 22. Nxf8 fxg4 23. Rxf6 gxf6 24. Nxe6 cxd4 25.
exd4 Bd3 26. Nf4 Be4 27. Kf2 Kf7 28. a4 Rh8 29. Kg1 a5 30. Ng2 Rb8 31. Ne3 f5 32. c4 dxc4 33. Nxc4 Ke6 34. Ne3 Rd8 35. Rd1 Bf3 36.
Rd3 Rc8 37. Rb3 Rc6 38. Kf2 Rd6 39. h4 Be4 40. Ke2 Kd7 41. Nc4 Rxd4 42. Nxb6+ Kc6 43.
Nc8 Kd7 44. Nb6+ Kc7 45. Ke3 Rd1 46. Nc4 Rg1 47. Kf4 Rf1+ 48. Kg5 Ra1 49. h5 Rxa4 50.
Ne5 Kd6 51. Nf7+ Ke7 52. Nh6 Ke6 53. Rb6+ Ke5 54. Nf7+ Kd4 55. h6 f4 56. Kxf4 Ra1 57. Rd6+ Bd5 58. h7 Rf1+ 59. Kg5 Rxf7 60. h8=Q+ Kc5 61.
Rxd5+ Kxd5 62. Qg8 Ke6 63. Kg6 1-0

[Event "*** SCC Grand Prix: Titled Tuesday Blitz"]
[Site "Chess.com"]
[Date "2020.10.13"]
[Round "3"]
[White "Fandorine"]
[Black "IwkooO"]
[Result "1-0"]
[WhiteElo "2868"]
[BlackElo "2649"]
[TimeControl "180+1"]
[EndTime "10:30:13 PDT"]
[Termination "Fandorine won by resignation"]

1. Nf3 c5 2. g3 Nc6 3. Bg2 g6 4.
O-O Bg7 5. d3 d6 6. Nbd2 e5 7.
e4 Nge7 8. a4 O-O 9. c3 h6 10.
Nc4 Be6 11. Re1 f5 12. Nfd2 f4 13. a5 Kh7 14. Qa4 Qd7 15. b4 cxb4 16. cxb4 Rf7 17. Bb2 Raf8 18. f3 fxg3 19. hxg3 g5 20. b5 Nd4 21. Bxd4 exd4 22. b6 Qxa4 23. Rxa4 axb6 24.
axb6 Nc8 25. Ra5 Bf6 26. Nxd6 Nxd6 27. e5 Bxe5 28. Raxe5 Bd7 29. g4 Bc6 30. Nb3 Bxf3 31. Nxd4 Bxg2 32. Kxg2 Rf2+ 33. Kg3 Rd2 34. R1e3 Rf7 35.
Re6 Nc8 36. Nf3 Rd1 37. Nd4 Rd7 38. Nf5 R1xd3 39. Rxh6+ Kg8 40. Rg6+ Kf7 41. Rxg5 Rxe3+ 42. Nxe3 Nxb6 43. Nf5 Nd5 44. Rg7+ Ke6 45. Nd4+ Kd6 46. Rg6+ Ke5 47. Nf3+ Ke4 48. Re6+ Kd3 49. Ne5+ Kd4 50.
Nxd7 Nc7 51. Rd6+ Ke4 52. Rb6 Nd5 53. Rxb7 Nc3 54. Nf6+ Ke5 55. Nd7+ Ke6 56. Nf8+ Kf6 57. Rb6+ Kg5 58. Ne6+ Kf6 59. Nf4+ Ke5 60. Re6+ Kd4 61. Re1 Ne4+ 62. Rxe4+ Kxe4 63. g5 1-0

[Event "*** SCC Grand Prix: Titled Tuesday Blitz"]
[Site "Chess.com"]
[Date "2020.10.13"]
[Round "3"]
[White "tteshan"]
[Black "chiwii"]
[Result "1-0"]
[WhiteElo "2376"]
[BlackElo "2215"]
[TimeControl "180+1"]
[EndTime "10:30:13 PDT"]
[Termination "tteshan won by resignation"]

1. e4 c5 2. c3 e6 3. d4 cxd4 4. cxd4 d5 5. e5 Nc6 6. Nf3 Nge7 7. Nc3 Ng6 8. Bd3 Bb4 9. O-O Bd7 10. Bd2 O-O 11. Rc1 Rc8 12. a3 Be7 13. Ne2 b6 14. g3 f6 15. exf6 Rxf6 16. Nf4 Nxf4 17. Bxf4 Rxf4 18. gxf4 Bd6 19. Ne5 Bxe5 20. fxe5 Qg5+ 21.
Kh1 Qf4 22. Qh5 g6 23. Rg1 Be8 24. Qe2 Qxd4 25. Qe3 Qxe3 26. fxe3 Rd8 27. Bb5 Nxe5 28.
Bxe8 Rxe8 29. Rc7 Nc4 30. Rxa7 Nxe3 31. Rc1 d4 32. Rcc7 Nf5 33. Rxh7 d3 34. Rhd7 e5 35. Rxd3 e4 36. Rd1 e3 37. Re1 Rc8 38. Kg2 Rc2+ 39. Kf3 Rxb2 40. Rd1 Rf2+ 41. Ke4 Rd2 42. Rc1 Rd4+ 43. Ke5 Rd8 44. Re1 Re8+ 45. Kd5 e2 46. Rc7 Ne3+ 47. Kd4 Ng2 48. Rxe2 Rxe2 49. Rc6 Rd2+ 50.
Kc3 Rd8 51. Rxg6+ Kf7 52. Rxg2 Ra8 53. Rf2+ Ke6 54. Kb4 Rh8 55. Re2+ Kd5 56. Kb5 Rh3 57. Kxb6 Rxa3 58. Kb5 Rh3 59. Rd2+ Ke4 60. Kc4 Ke3 61. Rd3+ Ke2 62. Rxh3 Kf1 63. Rh8 Kg2 64. h4 Kg3 65.
h5 Kh3 66. h6 1-0

[Event "*** SCC Grand Prix: Titled Tuesday Blitz"]
[Site "Chess.com"]
[Date "2020.10.13"]
[Round "3"]
[White "EddieMarsalla"]
[Black "Eliwood44"]
[Result "0-1"]
[WhiteElo "2568"]
[BlackElo "2404"]
[TimeControl "180+1"]
[EndTime "10:30:14 PDT"]
[Termination "Eliwood44 won on time"]

1. c4 e6 2. d4 d5 3. Nc3 Nf6 4. g3 dxc4 5. Bg2 c5 6. e3 cxd4 7. exd4 Nc6 8. Nge2 Be7 9. Qa4 O-O 10. Qxc4 Bd7 11. O-O Rc8 12. Bg5 Nd5 13. Bxe7 Ncxe7 14. Qb3 Bc6 15. Rfd1 Nxc3 16. bxc3 Bxg2 17. Kxg2 Qd5+ 18. f3 Qxb3 19. axb3 Nd5 20. Rd3 a6 21. c4 Nb4 22. Rd2 b5 23. c5 Rfd8 24. Rad1 Kf8 25. Kf2 Ke7 26. Nc3 Nd5 27. Ne4 Rc6 28. Ra1 Nf6 29.
Nd6 Ne8 30. Nxe8 Kxe8 31. b4 Ke7 32. f4 Rd5 33. Ke3 g6 34. Rda2 Rc8 35. Rxa6 Rcd8 36.
Rd1 g5 37. Rb6 gxf4+ 38. gxf4 Rh5 39. Rxb5 Rh3+ 40. Kf2 Rxh2+ 41. Kf3 Rh3+ 42. Kf2 Rh2+ 43. Kg3 Rb2 44. Rb7+ Kf6 45. c6 Rb3+ 46. Kf2 Rc3 47.
b5 Ra8 48. Rd2 Raa3 49. c7 Rf3+ 50. Ke2 Rae3+ 51. Kd1 Rc3 52. b6 Rf1+ 53. Ke2 Rh1 54. Rb8 Rh2+ 55. Ke1 Rc1+ 56. Rd1 Rh1+ 57. Ke2 Rhxd1 58.
c8=Q Rxc8 59. Rxc8 Rb1 60. Rb8 h5 61. Kd3 h4 62. Kc4 h3 63. Rh8 Rxb6 64. Rxh3 Kf5 65.
Rh7 f6 66. Rh4 Rb1 67. Kc5 Rc1+ 68. Kd6 Rd1 69. Rh5+ Kg6 70. Rh2 Rxd4+ 71. Kxe6 Re4+ 72. Kd5 Rxf4 73. Rg2+ Kf5 74. Rg8 Rf1 75. Kd4 Kf4 76.
Kd3 f5 77. Ke2 Ra1 78. Rb8 Kg3 0-1

[Event "*** SCC Grand Prix: Titled Tuesday Blitz"]
[Site "Chess.com"]
[Date "2020.10.13"]
[Round "3"]
[White "lacafi"]
[Black "RoelandPruijssers"]
[Result "0-1"]
[WhiteElo "2121"]
[BlackElo "2495"]
[TimeControl "180+1"]
[EndTime "10:30:16 PDT"]
[Termination "RoelandPruijssers won on time"]

1. d4 f5 2. Nf3 Nf6 3. g3 g6 4. Bg2 Bg7 5. O-O O-O 6. c4 d6 7. Nc3 Qe8 8. d5 Na6 9. Nd4 Bd7 10.
a3 c6 11. dxc6 bxc6 12. b4 e5 13. Nb3 e4 14. Qxd6 Ng4 15. Qd2 Rd8 16. Qc2 Be6 17.
Na5 Ne5 18. Bb2 Nxc4 19. Nxc4 Bxc4 20. Nxe4 Bd5 21. Bxg7 Kxg7 22. Qc3+ Kh6 23. Qc1+ Kg7 24. Qc3+ Kh6 25. Qc1+ f4 26. Nc5 Nxc5 27. bxc5 Bxg2 28. Kxg2 Qxe2 29. gxf4 Qg4+ 30. Kh1 Qf3+ 31. Kg1 Qg4+ 32. Kh1 Qf3+ 33. Kg1 Rxf4 34. Qe3 Rd5 35. Qxf3 Rxf3 36.
Kg2 Rc3 37. f3 Rdxc5 38. Rf2 Rg5+ 39. Kf1 Ra5 40. a4 c5 41. Kg2 Kg5 42. Rd2 Rc4 43.
Rd7 h5 44. Rd5+ Kh6 45. Kg3 Rc3 46. h4 Ra6 47. Re5 Rf6 48. Rf1 c4 49. Rc5 Ra6 50. a5 Rd6 51. Re1 Rdd3 52. Rf1 Rc2 53. Rc6 c3 54. a6 Rdd2 55. Re1 Rg2+ 56. Kf4 Rh2 57. Ree6 Rxh4+ 58. Kg3 Rd4 59. Rxg6+ Kh7 60. Rh6+ Kg7 61. Rhg6+ Kf7 62. Rcf6+ Ke7 63. Re6+ Kd7 64. Ref6 Re2 65. Rg7+ Re7 66. Rgg6 Rc4 67. Rd6+ Kc7 68. Rd2 cxd2 0-1

[Event "*** SCC Grand Prix: Titled Tuesday Blitz"]
[Site "Chess.com"]
[Date "2020.10.13"]
[Round "3"]
[White "TST2014"]
[Black "esrosenberg"]
[Result "1/2-1/2"]
[WhiteElo "2535"]
[BlackElo "2302"]
[TimeControl "180+1"]
[EndTime "10:30:16 PDT"]
[Termination "Game drawn by repetition"]

1. d4 Nf6 2. c4 e6 3. Nf3 d5 4.
Nc3 Bb4 5. Qa4+ Nc6 6. e3 O-O 7. Bd2 Bd7 8. Qc2 Re8 9. a3 Bxc3 10. Bxc3 Ne4 11. Bd3 f5 12. b4 Ne7 13. Ne5 Ng6 14.
Nxg6 hxg6 15. f3 Qh4+ 16. Ke2 Qf2+ 17. Kd1 Ba4 18. Bxe4 Bxc2+ 19. Bxc2 Qxe3 20. Bb2 dxc4 21. Re1 Qf2 22. Re2 Qg1+ 23. Kd2 Qxh2 24. Rae1 Qf4+ 25. Kd1 Rad8 26. Rd2 e5 27. d5 c6 28. d6 e4 29.
fxe4 Rxd6 30. Rxd6 Qxd6+ 31. Kc1 fxe4 32. Bc3 e3 33.
Kb2 e2 34. g4 b5 35. g5 a5 36. Rh1 c5 37. bxc5 Qxc5 38. Bxa5 b4 39. Bxb4 Qxb4+ 40.
axb4 e1=Q 41. Rxe1 Rxe1 42. Bxg6 Rg1 43. Bf5 Rxg5 44.
Be6+ Kf8 45. Bxc4 Ke7 46. Kc3 Kd6 47. b5 Kc5 48. Be2 Rg3+ 49. Kd2 g5 50. Ke1 Kb6 51. Kf2 Rc3 52. Kg2 Kc5 53. Kf2 Kd4 54. Bf3 Rb3 55.
Bc6 Ke5 56. Kg2 Kf4 57. Kf2 Rb2+ 58. Kf1 g4 59. Kg1 g3 60. Kf1 Ke3 61. Kg1 Kf4 62.
Kf1 Kg4 63. Kg1 Kh3 64. Bd7+ Kh4 65. Kf1 Rb1+ 66. Kg2 Rb2+ 67. Kg1 Rf2 68. Bc6 Rb2 69. Bd7 Kg5 70. Kf1 Kf4 71. Bc6 1/2-1/2

[Event "*** SCC Grand Prix: Titled Tuesday Blitz"]
[Site "Chess.com"]
[Date "2020.10.13"]
[Round "3"]
[White "Sadykov_Ramil"]
[Black "ChronicUnhappiness"]
[Result "1/2-1/2"]
[WhiteElo "2549"]
[BlackElo "2358"]
[TimeControl "180+1"]
[EndTime "10:30:17 PDT"]
[Termination "Game drawn - timeout vs insufficient material"]

1. e4 c5 2. Nf3 Nc6 3. d4 cxd4 4. Nxd4 Nf6 5. Nc3 e5 6. Ndb5 d6 7. Bg5 a6 8. Na3 b5 9. Bxf6 gxf6 10. Nd5 Bg7 11. Bd3 f5 12. exf5 e4 13. Bxe4 Bxb2 14. O-O Ne5 15. f4 Nd7 16. Qf3 Nb6 17. Rae1 Kf8 18.
Kh1 Nxd5 19. Bxd5 Rb8 20. Qh5 Qf6 21. Nb1 Bb7 22. Bxb7 Rxb7 23. Nd2 d5 24. Nf3 Re7 25. Ng5 h6 26. Rxe7 Kxe7 27. Nf3 Rg8 28. Re1+ Kf8 29.
Qh3 Bc3 30. Rf1 Kg7 31. Rd1 Re8 32. Qg3+ Kh7 33. Qh3 Kg7 34. Qg4+ Kh7 35. Qh5 Rg8 36. Rg1 Qg7 37. g4 Qf6 38. g5 Qg7 39. g6+ fxg6 40.
fxg6+ Kh8 41. Nh4 Bf6 42. Nf5 Qb7 43. Nxh6 d4+ 44. Rg2 Kg7 45. Nf5+ Kf8 46. Qh7 Qd5 47. Qf7+ Qxf7 48. gxf7 Rxg2 49. Kxg2 Kxf7 50. Kf3 b4 51.
Ke4 Kg6 52. Nxd4 Kh5 53. Nc6 Kg4 54. Nxb4 Bg7 55. Nxa6 Bh6 56. Nb4 Bxf4 57. Nd5 Bxh2 58. a4 Kg5 59. c4 Kg6 60. c5 Kf7 61. a5 Ke8 62. c6 Bb8 63. c7 Bxc7 64. Nxc7+ Kd7 65. Nd5 Kc6 66. Kd4 Kb5 1/2-1/2

[Event "*** SCC Grand Prix: Titled Tuesday Blitz"]
[Site "Chess.com"]
[Date "2020.10.13"]
[Round "3"]
[White "Anton_Demchenko"]
[Black "DrMamaliga"]
[Result "1-0"]
[WhiteElo "2804"]
[BlackElo "2358"]
[TimeControl "180+1"]
[EndTime "10:30:18 PDT"]
[Termination "Anton_Demchenko won by resignation"]

1. e4 e5 2. Nf3 Nc6 3. Bc4 Nf6 4. d3 h6 5. O-O d6 6. Nbd2 g6 7. c3 Bg7 8. Re1 O-O 9. Nf1 Na5 10. Bb5 a6 11.
Ba4 b5 12. Bc2 c5 13. Ng3 Nc6 14. h3 Re8 15. Bd2 d5 16. a4 Be6 17. Qc1 Kh7 18. exd5 Bxd5 19. Nh2 Qd7 20. Be3 Bf8 21. Rd1 Qe6 22.
Re1 Bb3 23. axb5 axb5 24. Rxa8 Rxa8 25. Nhf1 Bxc2 26. Qxc2 Qd5 27. Ne4 Nxe4 28. dxe4 Qe6 29. Bc1 Ra1 30. Ne3 Qa2 31. Nd5 Qa4 32. Qe2 b4 33. Kh2 bxc3 34. bxc3 Qa2 35. Qf3 Kg8 36. Qf6 Qa6 37. h4 Qc8 38. Qf3 h5 39. g3 Qe6 40.
Kg2 Ne7 41. c4 Nc6 42. Qc3 Ra8 43. Bg5 Rc8 44. Rb1 Nd4 45. f3 f6 46. Nxf6+ Kf7 47.
Nd5 Rd8 48. Rb6 Rd6 49. Rb7+ Kg8 50. Nf6+ Qxf6 51. Bxf6 Rxf6 52. Rb8 Rxf3 53. Qxf3 Nxf3 54. Kxf3 Kf7 55. Rb7+ Be7 56. Rb6 Bf6 57. Kg2 Be7 58. Kh3 Bf6 59. g4 Bg7 60. Rc6 Bf8 61. g5 Be7 62. Kg2 Bf8 63. Kf3 Be7 64. Ke2 Ke8 65.
Kd3 Kf7 66. Kc2 Ke8 67. Rxg6 1-0

[Event "*** SCC Grand Prix: Titled Tuesday Blitz"]
[Site "Chess.com"]
[Date "2020.10.13"]
[Round "3"]
[White "bascheyaro"]
[Black "RaunakSadhwani2005"]
[Result "1/2-1/2"]
[WhiteElo "2722"]
[BlackElo "2954"]
[TimeControl "180+1"]
[EndTime "10:30:19 PDT"]
[Termination "Game drawn by agreement"]

1. d4 Nf6 2. c4 Nc6 3. d5 Ne5 4. e3 e6 5. Be2 Bb4+ 6. Bd2 Bxd2+ 7. Qxd2 exd5 8. cxd5 d6 9. Nc3 O-O 10. Nf3 Ng6 11.
O-O a6 12. Rac1 Re8 13. Rfd1 Bg4 14. Nd4 Bd7 15. Qc2 Re7 16. Nf5 Bxf5 17. Qxf5 Qd7 18.
Qxd7 Nxd7 19. Nb1 Nf6 20. Na3 Ne5 21. Nc4 Nxc4 22. Rxc4 Kf8 23. Rb4 Ra7 24. Rd3 Ke8 25.
f3 Kd8 26. Kf2 Nd7 27. Rh4 h6 28. Rc3 a5 29. Bb5 Nc5 30. b3 f5 31. Rf4 Re5 32. Rd4 Ra8 33. h4 g6 34. a3 Nd7 35. Bxd7 Kxd7 36. f4 Re7 37. Rdc4 Rc8 38. b4 axb4 39. Rxb4 b6 40. Ra4 Rce8 41. Ra7 Kd8 42.
Ra8+ Kd7 43. Ra7 Kd8 44. Kf3 h5 45. Ra8+ Kd7 46. Ra7 Kd8 47. a4 Rd7 48. a5 bxa5 49.
Rxa5 Rde7 50. Ra7 Rd7 51. g3 Rde7 52. Ke2 Rd7 53. Kd2 Re4 54. Ra8+ Ke7 55. Rc8 Ra4 56. R8xc7 Ra5 57. Rxd7+ Kxd7 58. Ke2 Rxd5 59. Ra3 Ke6 60.
Ra4 Rb5 61. Kf3 Rb3 62. Ra6 Rd3 63. Rb6 Rd5 64. Rb8 Kf6 65. Re8 Kf7 66. Rb8 Ke6 67. Ra8 Kf7 68. Ke2 Ke6 69. Ra7 Rb5 70. Kf2 Rb2+ 71. Kf3 Rd2 72. Rg7 1/2-1/2

[Event "*** SCC Grand Prix: Titled Tuesday Blitz"]
[Site "Chess.com"]
[Date "2020.10.13"]
[Round "3"]
[White "VladaSviridova"]
[Black "KonstantinB_1983"]
[Result "0-1"]
[WhiteElo "2245"]
[BlackElo "2500"]
[TimeControl "180+1"]
[EndTime "10:30:19 PDT"]
[Termination "KonstantinB_1983 won on time"]

1. d4 Nf6 2. c4 b6 3. Nc3 Bb7 4. d5 e6 5. a3 Bd6 6. Nf3 exd5 7.
cxd5 O-O 8. Bg5 Re8 9. e3 h6 10. Bh4 c6 11. dxc6 dxc6 12. Be2 Qe7 13. O-O Nbd7 14.
Qc2 c5 15. Rad1 Rad8 16. Bg3 Bxg3 17. hxg3 a6 18. Rd2 b5 19. Rfd1 Nb6 20. Rxd8 Rxd8 21. Rxd8+ Qxd8 22. Qd2 Qe7 23. Nh4 Bc8 24. Nf3 Bf5 25.
Bd3 Bg4 26. Nh4 Qd7 27. f3 c4 28. fxg4 cxd3 29. Nf3 Nc4 30. Qf2 Nxg4 31. Qe1 d2 32.
Qe2 Ngxe3 33. b3 d1=Q+ 34. Nxd1 Qxd1+ 35. Qxd1 Nxd1 36. bxc4 bxc4 37. Nd4 Kf8 38. Nc2 Ke7 39. Kf1 Kd6 40. Ke1 Nb2 41. Kd2 Kc5 42. Kc3 Na4+ 43.
Kd2 a5 44. Ne3 Kc6 45. Nxc4 Kb5 46. Ne5 f6 47. Nd7 Kc4 48. Kc2 Nc5 49. Nf8 Kd5 50. Ng6 Ke6 51. Nf4+ Kf5 52. Nd5 Kg4 53. Ne3+ Kxg3 54.
Nf5+ Kxg2 55. Nxg7 Kg3 56. Kc3 Kg4 57. Kc4 Ne4 58.
Kb5 f5 59. Ne6 f4 60. Kxa5 f3 61. Nd4 f2 62. Nc2 Kf3 63. Nd4+ Ke3 0-1

[Event "*** SCC Grand Prix: Titled Tuesday Blitz"]
[Site "Chess.com"]
[Date "2020.10.13"]
[Round "3"]
[White "GoltsevDmitry2000"]
[Black "rasmussvane"]
[Result "0-1"]
[WhiteElo "2680"]
[BlackElo "2909"]
[TimeControl "180+1"]
[EndTime "10:30:21 PDT"]
[Termination "rasmussvane won by checkmate"]

1. e4 c6 2. Nf3 d5 3. exd5 cxd5 4.
b3 Nf6 5. Bb2 Nc6 6. Be2 Bg4 7. h3 Bh5 8. O-O e6 9. Nc3 a6 10. a4 Qc7 11. Re1 Bd6 12. Na2 O-O 13. Bxf6 gxf6 14. Nh4 Bg6 15. Nxg6 hxg6 16. c3 e5 17. d3 f5 18. b4 Kg7 19. Qb3 Ne7 20. c4 dxc4 21. dxc4 e4 22. c5 Bh2+ 23. Kh1 Be5 24.
Rad1 a5 25. Bb5 Rfd8 26. bxa5 Bd4 27. Rd2 Qxc5 28. Red1 Ng8 29. Bc4 Nh6 30. Nb4 Bf6 31.
Nd5 Be5 32. Rc2 Qd6 33. Rb1 Rab8 34. Ne3 f4 35. Nd5 f3 36. Qb6 Qd7 37. Qb5 fxg2+ 38.
Kxg2 Qf5 39. Rb3 Qg5+ 40. Kf1 Nf5 41. Be2 Nd4 42. Qc4 Nxc2 43. Nb6 Nd4 44. Re3 Nxe2 45.
Kxe2 Bd4 46. Rg3 Qe5 47. Qc2 Bxb6 48. axb6 Rd3 49. Rg4 Rbd8 50. Kf1 Rd1+ 51. Kg2 R1d2 52. Qc4 Qf5 53. Qc3+ Kg8 54. Qe3 R2d3 55. Qh6 Rf3 56. Qh4 Rd2 57. Kg1 Rdxf2 58. Qd8+ Kg7 59. Qd4+ Qf6 60.
Qxe4 Rf1+ 61. Kg2 R3f2+ 62. Kg3 Rg1+ 63. Qg2 Rgxg2# 0-1

[Event "*** SCC Grand Prix: Titled Tuesday Blitz"]
[Site "Chess.com"]
[Date "2020.10.13"]
[Round "3"]
[White "Mikedannnn"]
[Black "Harsha_Bharathakoti"]
[Result "0-1"]
[WhiteElo "2505"]
[BlackElo "2759"]
[TimeControl "180+1"]
[EndTime "10:30:21 PDT"]
[Termination "Harsha_Bharathakoti won by resignation"]

1. e4 c6 2. d4 d5 3. e5 c5 4. dxc5 e6 5. Be3 Nd7 6. Nf3 Nh6 7. c3 Nf5 8. Bd4 Nxc5 9. Bxc5 Bxc5 10. Bd3 Nh6 11.
O-O O-O 12. Qe2 f6 13. h3 Nf7 14. Nbd2 Bd7 15. Rae1 Bb6 16. Nb3 fxe5 17. Nxe5 Nxe5 18. Qxe5 Qf6 19. Nd4 Rae8 20. Qd6 Bc8 21. Nf3 Rd8 22. Qg3 Qf4 23. Qxf4 Rxf4 24. Ne5 Rdf8 25. Re2 R4f6 26. g3 g5 27. Kg2 Kg7 28. Ng4 R6f7 29. Ne5 Rc7 30. Nf3 h6 31. Ne5 Bc5 32. f4 gxf4 33. gxf4 Rg8 34. Kf3 Kf8 35. Ng6+ Kf7 36. Ne5+ Ke7 37.
Rfe1 Kd6 38. Ng4 Rcg7 39. Rg2 h5 40. Ne3 Rxg2 41. Nxg2 Bd7 42. b4 Bb6 43. Re2 Rc8 44.
Rc2 Ba4 45. Rc1 Bc6 46. Ke2 Rg8 47. Ne3 Rg3 48. Nf1 Rxh3 49. c4 dxc4 50. Bxc4 Bf3+ 51. Ke1 h4 52. Be2 Bd5 53. Rd1 Rh1 54. Bf3 Rh3 55.
Bxd5 exd5 56. Ke2 Ra3 57. Rd2 h3 58. f5 Ke5 59. f6 Kxf6 60. Rxd5 h2 61. Nxh2 Rxa2+ 62. Rd2 Ra4 63. Rb2 Ke5 64. Nf3+ Ke4 65. Nd2+ Kd4 66.
Nb3+ Kc3 67. Nd2 Kxb2 0-1

[Event "*** SCC Grand Prix: Titled Tuesday Blitz"]
[Site "Chess.com"]
[Date "2020.10.13"]
[Round "3"]
[White "annazero"]
[Black "VitaliyBernadskiy"]
[Result "0-1"]
[WhiteElo "2354"]
[BlackElo "2744"]
[TimeControl "180+1"]
[EndTime "10:30:21 PDT"]
[Termination "VitaliyBernadskiy won by checkmate"]

1. d4 g6 2. Nf3 Bg7 3. g3 c5 4. c3 Qa5 5. dxc5 Qxc5 6. Bg2 Nf6 7. O-O O-O 8. Nbd2 d6 9. e4 Nbd7 10. Re1 Qc7 11. Nb3 b6 12. Nfd4 Bb7 13. Bg5 a6 14. Qd2 Ne5 15. Re2 Nc4 16. Qc1 e5 17. Nc2 Rac8 18.
f3 d5 19. exd5 Nxd5 20. Ne3 Ndxe3 21. Bxe3 Bd5 22. Bh6 Qc6 23. Bxg7 Kxg7 24. Qf1 Rfe8 25. Rd1 a5 26. Nc1 b5 27. b3 Nb6 28. Rd3 Rcd8 29. Red2 Rc8 30. Qd1 Qc5+ 31. Kh1 Ba8 32. Qg1 Qxg1+ 33.
Kxg1 Rc7 34. Rd6 Rxc3 35. Rxb6 Rxc1+ 36. Kf2 Rc5 37. Bf1 Bc6 38. Rd6 Rc2+ 39. Ke3 Rc8 40. Bxb5 Bxb5 41. Rxb5 R8c3+ 42. Ke4 Re2+ 43. Kd5 Rxa2 44.
Kxe5 Rxf3 45. Ke4 Rc3 46. Rdb6 Rxh2 47. Rb7 Rxg3 48. Kf4 Rg1 49. Rxa5 Rf2+ 50. Ke3 Rf6 51. Raa7 h5 52. Kd2 h4 53. Rb4 Rg2+ 54. Ke3 g5 55.
Re4 h3 56. Ra5 h2 57. Rxg5+ Rxg5 58. Rh4 Rh6 59. Ke4 Rxh4+ 60. Ke3 h1=Q 61. b4 Rg3+ 62. Ke2 Rh2# 0-1

[Event "*** SCC Grand Prix: Titled Tuesday Blitz"]
[Site "Chess.com"]
[Date "2020.10.13"]
[Round "3"]
[White "baki83"]
[Black "pedromartinez91"]
[Result "1/2-1/2"]
[WhiteElo "2753"]
[BlackElo "2524"]
[TimeControl "180+1"]
[EndTime "10:30:22 PDT"]
[Termination "Game drawn by stalemate"]

1. e4 e6 2. Nf3 d5 3. exd5 exd5 4. d4 Nf6 5. Bd3 Bg4 6. O-O Be7 7. h3 Bh5 8. Re1 O-O 9. Nbd2 Nbd7 10. Nf1 Bg6 11. Ng3 Re8 12. Nf5 Bf8 13. N3h4 Rxe1+ 14. Qxe1 c5 15.
c3 cxd4 16. Nxg6 hxg6 17. Nxd4 Nc5 18. Bc2 Qb6 19. b4 Nce4 20. Be3 Rc8 21. Ne2 Qc7 22. Bd4 Bd6 23. Rd1 Be5 24. Bxe5 Qxe5 25. Bb3 Nxc3 26. Nxc3 Qxe1+ 27. Rxe1 Rxc3 28. Re7 d4 29. Kf1 d3 30. Ke1 Kf8 31. Rxf7+ Ke8 32. Rxb7 Ne4 33. Kd1 Nxf2+ 34. Kd2 Ne4+ 35. Ke3 d2+ 36. Ke2 Rg3 37. Kd1 Rxg2 38. Kc2 Rg3 39. Rxg7 Rc3+ 40. Kd1 Rd3 41. Ke2 Rxh3 42. Rg8+ Ke7 43. Rxg6 Rh2+ 44. Ke3 Nc3 45. Kd3 d1=Q+ 46. Bxd1 Nxd1 47. Rg7+ Kd6 48. Rxa7 Kd5 49. Ra5+ Kd6 50. a4 Nb2+ 51. Kc3 Nd1+ 52. Kc4 Rh4+ 53. Kb5 Rh5+ 54. Kb6 Rxa5 55. bxa5 Nb2 56. a6 Nc4+ 57. Kb7 Na5+ 58. Kb8 Nc6+ 59. Kc8 Kc5 60. Kc7 Kd5 61. Kb7 Kd6 62. a5 Kd7 63.
Kb6 Kd6 64. Kb7 Kd7 65. a7 Nxa7 66. Kxa7 Kc7 67. a6 Kc8 68. Ka8 Kc7 69. Ka7 Kc8 70. Kb6 Kb8 71. a7+ Ka8 72. Ka6 1/2-1/2

[Event "*** SCC Grand Prix: Titled Tuesday Blitz"]
[Site "Chess.com"]
[Date "2020.10.13"]
[Round "3"]
[White "icychess54"]
[Black "bait_or_mate"]
[Result "1/2-1/2"]
[WhiteElo "2289"]
[BlackElo "2514"]
[TimeControl "180+1"]
[EndTime "10:30:23 PDT"]
[Termination "Game drawn by repetition"]

1. c4 e6 2. Nf3 d5 3. e3 Nf6 4. Nc3 b6 5. Be2 Bb7 6. O-O a6 7.
b3 Bd6 8. Bb2 Nbd7 9. Rc1 O-O 10.
d4 Ne4 11. Nxe4 dxe4 12. Nd2 c5 13. f3 exf3 14. Bxf3 Bxf3 15. Qxf3 Qe7 16. Ne4 Rad8 17. Rcd1 Bc7 18. d5 exd5 19. cxd5 Be5 20. Bxe5 Qxe5 21.
Ng3 Rde8 22. e4 Nf6 23. Rde1 Re7 24. Nf5 Rd7 25. Qf4 Qxf4 26. Rxf4 Re8 27. d6 g6 28.
Ne7+ Kg7 29. e5 Ng8 30. Ref1 Rf8 31. e6 Rxd6 32. Rxf7+ Rxf7 33. Rxf7+ Kh8 34. Rf8 Kg7 35. Rxg8+ Kf6 36. Nc8 Rxe6 37. h3 b5 38. Rd8 Ke5 39.
Kf2 c4 40. Ke3 cxb3 41. axb3 a5 42. Na7 a4 43. Nxb5 axb3 44. Nd4 Rb6 45. Re8+ Kf6 46. Rf8+ Kg7 47. Rf1 b2 48. Rb1 Kf6 49. Ne2 Ke5 50. Nc3 Rb3 51. Kd3 Kf4 52. Kc2 Rb8 53. Rxb2 Rxb2+ 54. Kxb2 Kg3 55. Kc2 Kxg2 56. Kd3 Kxh3 57. Ke3 Kg2 58.
Ne2 g5 59. Nf4+ Kg3 60. Nh5+ Kh4 61. Nf6 h6 62. Kf3 h5 63. Kg2 g4 64. Nxg4 hxg4 65. Kh2 g3+ 66. Kg2 Kg4 67. Kg1 Kf3 68. Kf1 Kf4 69. Kg2 Kg4 70. Kg1 Kh3 71. Kh1 Kh4 72. Kg2 Kg4 1/2-1/2

[Event "*** SCC Grand Prix: Titled Tuesday Blitz"]
[Site "Chess.com"]
[Date "2020.10.13"]
[Round "3"]
[White "TorFredrikKaasen"]
[Black "Jospem"]
[Result "1-0"]
[WhiteElo "2723"]
[BlackElo "2937"]
[TimeControl "180+1"]
[EndTime "10:30:25 PDT"]
[Termination "TorFredrikKaasen won by resignation"]

1. d4 Nf6 2. c4 e6 3. Nf3 Bb4+ 4. Nc3 b6 5. g3 Bb7 6. Bg2 O-O 7. O-O Bxc3 8.
bxc3 Be4 9. a4 c5 10. Bh3 Bb7 11. Bg2 Be4 12. Bh3 d6 13. Bg5 Nbd7 14. Nd2 Bb7 15. a5 h6 16. Bxf6 Nxf6 17. Qb3 Rb8 18. axb6 axb6 19.
Ra7 d5 20. Bg2 dxc4 21. Qxc4 Bxg2 22. Kxg2 Rc8 23. Nf3 cxd4 24. Qxd4 Rc5 25. Rb1 Qb8 26. Qxc5 bxc5 27. Rxb8 Rxb8 28. Ne5 Rb2 29. Ra8+ Kh7 30. Nxf7 Rxe2 31. Rc8 Rc2 32. c4 Ne4 33. Kf3 Nd2+ 34. Ke3 Nxc4+ 35. Kd3 Rc1 36. Nd8 Ne5+ 37. Kd2 Rh1 38.
Rxc5 Ng4 39. Nxe6 Rxh2 40. Rc7 Kg6 41. Rxg7+ Kf6 42. Rxg4 Kxe6 43. Ke3 h5 44. Ra4 Kf5 45. f3 Rg2 46. Ra5+ Kg6 47. Kf4 Rc2 48. Ra6+ Kf7 49. Kg5 Rc3 50. Rf6+ Kg7 51. Rf5 h4 52. Kxh4 Kg6 53.
Kg4 Rc4+ 54. f4 Rc1 55. Ra5 Kf6 56. Ra6+ Kf7 57. Kg5 Rc3 58. g4 Rc7 59. f5 Kg7 60. Rg6+ Kh7 61. Rh6+ Kg7 62. f6+ Kg8 63. Rh1 Rc4 64.
Rd1 Kf7 65. Rd7+ Kf8 66. Kf5 Ke8 67. Ra7 Kf8 68. g5 Ra4 69. Rxa4 1-0